 Dungeon Crawl Stone Soup version 0.14.2 (webtiles) character file.

114 KristoblXynda the Charlatan (level 3, -2/20 HPs)
             Began as a Kobold Artificer on Feb 8, 2017.
             Was an Initiate of Nemelex Xobeh.
             Killed from afar by a kobold (4 damage)
             ... with a wand of magic darts
             ... on Level 2 of the Dungeon.
             The game lasted 00:05:15 (2223 turns).

KristoblXynda the Charlatan (Kobold Artificer)      Turns: 2223, Time: 00:05:15

HP  -2/20        AC  6     Str 10      XL: 3   Next: 92%
MP   5/5         EV 11     Int 11      God: Nemelex Xobeh [......]
Gold 68          SH  0     Dex 15      Spells:  0 memorised,  2 levels left

rFire  . . .     SeeInvis .     a - +0 short sword
rCold  . . .     Clarity  .     p - +0 ring mail
rNeg   . . .     Conserve .     (no shield)
rPois  .         rCorr    .     i - +0 helmet
rElec  .         rRot     .     (no cloak)
SustAb . .       Spirit   .     (no gloves)
rMut   .         Warding  .     (no boots)
Saprov + + .     Stasis   .     (no amulet)
MR     .....                    (no ring)
                                (no ring)

@: not resistant to hostile enchantments, fairly stealthy
A: disease resistance, carnivore 3, saprovore 2
a: Renounce Religion


You were on level 2 of the Dungeon.
You worshipped Nemelex Xobeh.
Nemelex Xobeh was noncommittal.
You were completely stuffed.

You visited 1 branch of the dungeon, and saw 2 of its levels.

You collected 68 gold pieces.

Inventory:

Hand weapons
 a - a +0,+0 short sword (weapon)
Armour
 i - a +0 helmet (worn)
 p - a +0 ring mail (worn)
Magical devices
 b - a wand of flame (12)
 c - a wand of enslavement (14)
 d - a wand of random effects (15)
Comestibles
 f - a meat ration
 q - a chunk of adder flesh
Scrolls
 l - a scroll of enchant weapon II {unknown}
 o - 3 scrolls of teleportation {unknown}
Potions
 g - a potion of heal wounds
 h - a potion of flight {unknown}
 j - a potion of restore abilities
 n - 2 potions of curing {unknown}
Miscellaneous
 k - a plain deck of wonders
 m - a plain deck of defence


   Skills:
 - Level 1.1 Fighting
 + Level 2.5 Short Blades
 + Level 3.2 Dodging
 + Level 2.7 Stealth
 + Level 4.1 Evocations


You had 2 spell levels left.
You didn't know any spells.

Dungeon Overview and Level Annotations

Branches:
Dungeon (2/15)

Altars:
Nemelex Xobeh
Vehumet


Innate Abilities, Weirdness & Mutations

You recuperate from illness quickly.
You are small and have problems with some larger weapons.
You are carnivorous and can eat meat at any time.
You can eat rotten meat.


Message History

The +0 leather armour glows slightly and disappears.
Nemelex Xobeh is noncommittal.
You open the door.
A kobold comes into view.
There is an open door here.
A kobold is nearby!
The kobold shouts!
The kobold zaps a wand.
The magic dart hits you!
Found a radiant altar of Vehumet.
The kobold zaps a wand.
The magic dart hits you! The kobold hits you but does no damage.
You closely miss the kobold. The kobold closely misses you.
You barely miss the kobold. The kobold hits you but does no damage.
You closely miss the kobold. The kobold hits you but does no damage.
You barely miss the kobold.
The kobold zaps a wand.
The magic dart hits you!
You barely miss the kobold.
The kobold zaps a wand.
The magic dart hits you!
* * * LOW HITPOINT WARNING * * *
You closely miss the kobold.
The kobold zaps a wand.
The magic dart hits you!
You die...
Your body disappears without a glow.

#.. .... #..
.......### #.#.####..
#.#._.#...............
#.............#.####..
#...#.........#.......
.............#.......
#.... ......#.......
#..K# #....#.#'##..
#..@####....#.#>##..
##.....'....#.#.##..
#.#####......#.#...
#.#....>...........
#.#.#.#.#.#......#.
#.#.#.#.#........#.
#.#.......##.......
#.###.###...>#...#. #.
... .....#.....


You could see a kobold.

Vanquished Creatures
  An adder (D:2)
  A giant gecko (D:1)
  An ooze (D:2)
  6 giant cockroaches
  3 goblins
  2 hobgoblins (D:1)
  4 jackals (D:1)
  A quokka (D:2)
  6 bats
  2 giant newts
  4 kobolds
  10 rats
41 creatures vanquished.

Vanquished Creatures (collateral kills)
  A goblin (D:2)
1 creature vanquished.

Grand Total: 42 creatures vanquished

Notes
Turn   | Place    | Note
--------------------------------------------------------------
     0 | D:1      | KristoblXynda, the Kobold Artificer, began the quest for the Orb.
     0 | D:1      | Reached XP level 1. HP: 12/12 MP: 1/1
   286 | D:1      | Reached XP level 2. HP: 1/16 MP: 3/3
  1010 | D:1      | Reached skill level 4 in Evocations
  1053 | D:1      | Reached XP level 3. HP: 8/20 MP: 5/5
  1970 | D:2      | Found a sparkling altar of Nemelex Xobeh.
  1996 | D:2      | Became a worshipper of Nemelex Xobeh the Trickster
  2178 | D:2      | Received a gift from Nemelex Xobeh
  2215 | D:2      | Found a radiant altar of Vehumet.
  2223 | D:2      | Killed from afar by a kobold

Action                   || total
-------------------------++-------
Melee: Short sword       ||   181
Evoke: Wand              ||     4
  Use: Scroll            ||     2
 Stab: Sleeping          ||     6
